 Dungeon Crawl Stone Soup version 0.28-a0-413-gde365fb1df (webtiles) character file.

Game seed: 15726446573937324824

158 muata the Changer (level 5, -8/41 HPs)
             Began as a Merfolk Transmuter on Sept 8, 2021.
             Mangled by an ogre (20 damage)
             ... on level 3 of the Dungeon.
             The game lasted 00:09:40 (3201 turns).

muata the Changer (Merfolk Transmuter)              Turns: 3201, Time: 00:09:41

Health: -8/41      AC:  2    Str: 10    XL:     5   Next: 39%
Magic:  8/9        EV: 12    Int: 13    God:
Gold:   142        SH:  0    Dex: 15    Spells: 7/10 levels left

rFire   . . .      SeeInvis .   n - +2 whip (pain)
rCold   . . .      Faith    .   (no shield)
rNeg    . . .      Spirit   .   a - +0 robe
rPois   .          Reflect  .   (helmet currently unavailable)
rElec   .          Harm     .   (no cloak)
rCorr   .          Rampage  .   (no gloves)
Will    .....                   (boots currently unavailable)
Stlth   +.........              (no amulet)
HPRegen 0.13/turn               (no ring)
MPRegen 0.11/turn               (no ring)

@: appendages
A: horns 2, (nimble swimmer 2), mertail
a: End Transformation


You were on level 3 of the Dungeon.
You had temporarily grown beastly horns.
You visited 1 branch of the dungeon, and saw 3 of its levels.

You collected 142 gold pieces.

Inventory:

Hand Weapons
 c - a +1 dagger of electrocution
 h - a +0 mace
 n - a +2 whip of pain (weapon)
Armour
 a - a +0 robe (worn)
 e - a +0 leather armour
 i - a +2 helmet (melded)
Magical Staves
 l - a staff of conjuration
Scrolls
 b - 3 scrolls of amnesia {unknown}
 d - 2 scrolls of immolation {unknown}
 j - a scroll of teleportation {unknown}
 k - a scroll of holy word {unknown}
 m - a scroll of magic mapping {unknown}
Potions
 f - 3 potions of heal wounds {unknown}
 g - 2 potions of invisibility {unknown}


   Skills:
 + Level 3.2 Fighting
 - Level 2.6 Dodging
 - Level 3.4 Unarmed Combat
 + Level 3.2 Spellcasting
 + Level 4.6 Transmutations


You had 7 spell levels left.
You knew the following spells:

 Your Spells              Type           Power      Damage    Failure   Level
a - Beastly Appendage     Tmut           28%        N/A       3%          1
b - Wereblood             Tmut           14%        N/A       4%          2

Your spell library contained the following spells:

 Spells                   Type           Power      Damage    Failure   Level
 Spider Form              Tmut/Pois      4%         N/A       26%         3
 Ice Form                 Ice/Tmut       8%         N/A       65%         4


Dungeon Overview and Level Annotations

Branches:
Dungeon (3/15)

Altars:


Innate Abilities, Weirdness & Mutations

You have temporarily grown beastly horns.
((You are quick and stealthy near water. (Stealth+, EV+, Speed+++)))
Your lower body shifts to a powerful aquatic tail in water.


Message History

Found a stone staircase leading up.
There is an open door here.
A kobold comes into view. It is wielding a +0 dagger.
An endoplasm comes into view.
The endoplasm quivers.
The endoplasm hits you but does no damage.
You hit the endoplasm.
You kill the endoplasm!
The kobold shouts!
The kobold barely misses you.
You barely miss the kobold. The kobold closely misses you.
You closely miss the kobold. The kobold hits you but does no damage.
You whack the kobold!
You kill the kobold!
Things that are here:
a +0 dagger; 2 stones As you open the door, it creaks loudly!
An ogre comes into view. It is wielding a +0 giant club.
There is an open door here.
Sorry, you're not good enough to have a special ability.
Casting: Beastly Appendage (safe; 3% risk of failure)
Confirm with . or Enter, or press ? or * to list all spells.
You grow a pair of large bovine horns.
Your +2 helmet melds into your body.
The ogre hits you with a +0 giant club!
You hit the ogre but do no damage. You headbutt the ogre.
The ogre is lightly wounded.
You hit the ogre.
The ogre is moderately wounded.
The ogre hits you with a +0 giant club!
* * * LOW HITPOINT WARNING * * *
You barely miss the ogre.
The ogre is moderately wounded.
The ogre barely misses you.
You hit the ogre. You headbutt the ogre.
The ogre is heavily wounded.
The ogre closely misses you.
You hit the ogre.
The ogre is severely wounded.
The ogre hits you with a +0 giant club!!
You die...

............#######.
......#.###.#.....#.
.##.# #...†)...##.#. #
.......#######.##... .#.
.##.##+## #...####. ....
#...# #.#.# #. ##...
#...####.#.####.
......###...#....#.##...
###..O@')..####.#.##+#.
....#+###...# #.#......
^ #......#### #.#......
.#......#######.#......
.....>..'.......#....#.
.##.....#########......
#.....# #.###.. #.<....
..###.#.... ######.
...........


You could see an ogre.

Vanquished Creatures
  A phantom (D:2)
  A gnoll (D:1)
  A worm (D:2)
  A dart slug (D:2)
  An orc (D:3)
  8 endoplasms
  2 giant cockroaches
  8 goblins
  10 hobgoblins
  A jackal (D:2)
  4 kobolds
  4 quokkas
  4 ball pythons
  6 bats
  2 frilled lizards (D:1)
  6 rats
60 creatures vanquished.

Notes
Turn   | Place    | Note
-------+----------+-------------------------------------------
     0 | D:1      | muata the Merfolk Transmuter began the quest for the Orb.
     0 | D:1      | Reached XP level 1. HP: 15/15 MP: 3/3
   554 | D:1      | Reached skill level 3 in Transmutations
   554 | D:1      | Reached XP level 2. HP: 21/21 MP: 5/5
   983 | D:1      | Reached XP level 3. HP: 21/27 MP: 4/6
  1283 | D:1      | Learned a level 2 spell: Wereblood
  1353 | D:1      | Found a faded altar of an unknown god.
  2226 | D:2      | Reached XP level 4. HP: 34/34 MP: 6/8
  2477 | D:2      | Reached skill level 4 in Transmutations
  2549 | D:2      | Noticed a phantom
  2565 | D:2      | Killed a phantom
  2566 | D:2      | Reached XP level 5. HP: 11/41 MP: 9/9
  3193 | D:3      | Noticed an ogre
  3201 | D:3      | Mangled by an ogre

Illustrated notes

Levels and vault maps discovered:
D:1:      saegor_arrival_simple_d, layout_loops_corners,
          ebering_ecumenical_altar_abandoned, due_unseen_surprise
D:2:      minmay_diamond_boxcup, layout_basic
D:3:      layout_basic

Skill      XL: |  1  2  3  4 |
---------------+-------------+-----
Transmutations | 3 4 |  4.6
Fighting       | 2 3 |  3.2
Spellcasting   | 3 |  3.2
Dodging        | |  2.6
Unarmed Combat | |  3.4

Action                   |  1- 3 |  4- 6 || total
-------------------------+-------+-------++-------
Melee: Unarmed           |    16 |       ||    16
       Mace              |    31 |       ||    31
       Headbutt          |     7 |     4 ||    11
       Dagger            |    70 |    44 ||   114
       Punch             |     1 |       ||     1
       Whip              |       |     9 ||     9
 Cast: Beastly Appendage |     8 |     2 ||    10
       Wereblood         |     2 |     2 ||     4
 Stab: Sleeping          |     4 |       ||     4
Armor: Robe              |    27 |     8 ||    35
Dodge: Dodged            |    53 |    37 ||    90

Table legend: (Time is in decaauts)
 A = Elapsed time spent in this place.
 B = Non-inter-level travel time spent in this place.
 C = Inter-level travel time spent in this place.
 D = Time resting spent in this place.
 E = Time spent auto-exploring this place.
 F = Levels seen in this place.
 G = Mean time per level.
                   A        B        C        D        E       F      G
               +--------+--------+--------+--------+--------+-----+--------+
         Total |   3210 |   3173 |     37 |    981 |   1605 |   3 | 1070.0 |
       Dungeon |   3210 |   3173 |     37 |    981 |   1605 |   3 | 1070.0 |
               +--------+--------+--------+--------+--------+-----+--------+

Top non-repeatable levels by time:
     D:1: 1993 daAuts
     D:2: 955 daAuts
     D:3: 261 daAuts
